 Dungeon Crawl Stone Soup version 0.31-a0-818-ge7c7cf74f0 (webtiles) character file.

Game seed: 1157136246778104408

2303 LeprechaunX the Changeling (level 9, -8/91 HPs)
             Began as an Octopode Shapeshifter on Sept 22, 2023.
             Was an Initiate of Hepliaklqana.
             Mangled by an ogre
             ... wielding a +0 halberd
              (18 damage)
             ... in a bailey.
             The game lasted 00:10:28 (5802 turns).

LeprechaunX the Changeling (Octopode Shapeshifter)  Turns: 5802, Time: 00:10:30

Health: -8/91      AC: 24    Str: 17    XL:     9   Next: 40%
Magic:  9/9        EV:  2    Int: 13    God:    Hepliaklqana [......]
Gold:   301        SH:  0    Dex: 11    Spells: 8/8 levels left

rFire   . . .        a - +0 shortbow
rCold   . . .        (shield currently unavailable)
rNeg    . . .        (helmet currently unavailable)
rPois   +            (no amulet)
rElec   .            o - ring of flight
rCorr   .            q - +5 ring of evasion
SInv    .            (no ring)
Will    .....        (no ring)
Stlth   +            (no ring)
HPRegen 0.35/turn    (no ring)
MPRegen 0.11/turn    (no ring)
                     (no ring)

%: no passive effects
@: tree-form (expiring), very slow
A: stationary, stasis, torment immunity, boosted hp, almost no armour,
(amphibious), 8 rings, (camouflage 1), (gelatinous body 1), (nimble swimmer 1),
(tentacles)
a: Renounce Religion


You were in a bailey.
You worshipped Hepliaklqana.
Hepliaklqana was noncommittal.
You were a tree.
You visited 2 branches of the dungeon, and saw 8 of its levels.
You also visited: Bailey.

You collected 301 gold pieces.

Inventory:

Hand Weapons
 a - a +0 shortbow (weapon)
 A - a +0 sling
Jewellery
 e - a ring of ice
 o - a ring of flight (left branch)
 q - a +5 ring of evasion (right branch)
Talismans
 b - a beast talisman
 c - a flux talisman
Scrolls
 d - 3 scrolls of vulnerability {unknown}
 f - 2 scrolls of noise {unknown}
 g - a scroll of amnesia {unknown}
 i - 3 scrolls of fog {unknown}
 l - a scroll of fear {unknown}
 m - 4 scrolls of identify {unknown}
 n - a scroll of teleportation {unknown}
 r - a scroll of blinking {unknown}
 u - a scroll of brand weapon {unknown}
 x - a scroll of poison {unknown}
 y - a scroll of torment {unknown}
 z - a scroll of silence {unknown}
Potions
 h - a potion of brilliance {unknown}
 j - a potion of berserk rage {unknown}
 k - 3 potions of haste {unknown}
 p - a potion of ambrosia {unknown}
 s - 2 potions of resistance {unknown}
 t - 2 potions of lignification
 v - 2 potions of curing
 w - a potion of degeneration {unknown}


   Skills:
 + Level 5.5 Fighting
 + Level 3.8 Ranged Weapons
 - Level 4.0 Dodging
 + Level 6.2 Unarmed Combat
 * Level 7.8 Shapeshifting


You had 8 spell levels left.
You didn't know any spells.
Your spell library contained the following spells:

 Spells                   Type           Power      Damage    Failure   Level
 Kiss of Death            Conj/Necr      0%         2d5       30%         1
 Slow                     Hex            0%         N/A       30%         1
 Sublimation of Blood     Necr           0%         N/A       43%         2
 Wereblood                Tmut           0%         N/A       43%         2
 Confusing Touch          Hex            0%         N/A       67%         3
 Ignite Poison            Fire/Tmut/Pois 0%         N/A       67%         3
 Sigil of Binding         Hex            0%         N/A       67%         3
 Vampiric Draining        Necr           0%         2d6       67%         3
 Dispel Undead            Necr           0%         3d6       97%         4
 Sticky Flame             Conj/Fire      0%         2d3       97%         4
 Summon Hydra             Summ           0%         N/A       100%        7
 Ignition                 Fire           0%         3d3       100%        8


Dungeon Overview and Level Annotations

Branches:
Dungeon (7/15)             Temple (1/1) D:6          Bailey (1/1)

Altars:
Ashenzari
Dithmenos
Elyvilon
Gozag
Hepliaklqana
Kikubaaqudgha
Makhleb
Nemelex Xobeh
Okawaru
Qazlal
Ru
Trog
Uskayaw
Vehumet
Wu Jian
Xom
Zin
The Shining One

Shops:
D:2 :

Annotations:
D:7 3 runed translucent doors, hattop's ghost, novice FeFE


Innate Abilities, Weirdness & Mutations

You are a tree.
Your roots penetrate the ground, keeping you stationary.
You cannot be teleported.
You are immune to unholy pain and torment.
Your maximum health is greatly increased.
You cannot wear most types of armour.
((You are amphibious.))
You can wear up to eight rings at the same time.
((Your skin changes colour to match your surroundings (Stealth+).))
((Your rubbery body absorbs attacks. (AC +1, EV +1)))
((You are camouflaged when in or above water. (Stealth+)))
((You have tentacles for arms and can constrict up to eight enemies at once.))


Message History

Your transformation has ended.
You turn into a tree.
Your roots penetrate the ground.
Splash!
You fall into the shallow water.
Moving in this stuff is going to be slow.
The ogre shouts!
You hear an angry hiss.
The ogre hits you but does no damage.
The ogre hits you from afar with a +0 halberd!
* * * LOW HITPOINT WARNING * * *
The ogre hits you but does no damage.
You hear a shout!
You pummel the ogre!!
The ogre is almost dead.
You pummel the ogre!!
You kill the ogre!
You hear a splash.
The ogre hits you with a +0 halberd!
* * * LOW HITPOINT WARNING * * *
The ogre hits you but does no damage.
Unknown command.
You smack the ogre!
The ogre is heavily wounded.
The ogre hits you with a +0 halberd.
* * * LOW HITPOINT WARNING * * *
The ogre hits you but does no damage.
You hit the ogre.
The ogre is severely wounded.
You smack the ogre!
The ogre is almost dead.
The ogre hits you but does no damage.
The ogre hits you from afar with a +0 halberd.
* * * LOW HITPOINT WARNING * * *
You pummel the ogre!!
You kill the ogre!
You hear a splash.
Your transformation is almost over.
a - a +0 shortbow (weapon)
The ogre hits you but does no damage.
The ogre hits you from afar with a +0 halberd!!
You die...

..# ...# ###
#..# ##.##
#..# ##...##
#..# #.....#
#..###.....##
#..)~~..∩...#
#..~~~......#
#..)♣~......#
♣.O))~......#
#.O~~~..∩...#
#..###.....##
♣..# #.....#
#..# ##...##
#..# #.##
...# ## ..#


You could see 2 ogres.

Vanquished Creatures
  Menkaure (D:4)
  2 ice beasts (D:6)
  A black bear (D:4)
  6 ogres
  2 centaurs (D:7)
  A phantom (D:3)
  2 kobold brigands
  2 bullfrogs
  A gnoll sergeant (D:5)
  3 scorpions
  A jelly (D:5)
  3 orc priests
  2 hounds
  3 iguanas
  Natasha (thrice) (D:4)
  4 orc wizards
  5 gnolls (D:5)
  8 adders
  A worm (D:2)
  A dart slug (D:2)
  20 orcs
  6 ball pythons
  6 endoplasms
  2 giant cockroaches
  8 goblins
  8 hobgoblins
  4 jackals (D:1)
  16 kobolds
  3 quokkas
  4 bats
  A frilled lizard (D:1)
  8 rats
138 creatures vanquished.

Notes
Turn   | Place    | Note
-------+----------+-------------------------------------------
     0 | D:1      | LeprechaunX the Octopode Shapeshifter began the quest for
                  | the Orb.
     0 | D:1      | Reached XP level 1. HP: 13/13 MP: 1/1
    46 | D:1      | Reached XP level 2. HP: 18/18 MP: 2/2
   266 | D:1      | Reached XP level 3. HP: 13/23 MP: 3/3
   791 | D:2      | Found Muzeshre's Book Shoppe.
   846 | D:2      | Found a faded altar of an unknown god.
   855 | D:2      | Reached XP level 4. HP: 7/29 MP: 4/4
   857 | D:2      | Got a foxed book
  1690 | D:3      | Reached skill level 4 in Shapeshifting
  1690 | D:3      | Reached XP level 5. HP: 14/35 MP: 5/5
  2129 | D:3      | Noticed a phantom
  2145 | D:3      | Killed a phantom
  2146 | D:3      | Reached XP level 6. HP: 17/41 MP: 6/6
  2771 | D:4      | Noticed Natasha
  2775 | D:4      | Killed Natasha
  2790 | D:4      | Noticed Natasha
  2793 | D:4      | Killed Natasha
  2878 | D:4      | Noticed a black bear
  2888 | D:4      | Killed a black bear
  2889 | D:4      | Reached skill level 5 in Shapeshifting
  2889 | D:4      | Reached XP level 7. HP: 26/46 MP: 7/7
  3239 | D:4      | Noticed Natasha
  3246 | D:4      | Killed Natasha
  3410 | D:4      | Noticed Menkaure
  3425 | D:4      | Killed Menkaure
  3682 | D:5      | Entered Level 5 of the Dungeon
  3778 | D:5      | Found an iron altar of Okawaru.
  4122 | D:5      | Reached skill level 1 in Ranged Weapons
  4147 | D:5      | Found a shimmering altar of Xom.
  4269 | D:5      | Reached XP level 8. HP: 29/54 MP: 8/8
  4408 | D:5      | Reached skill level 6 in Shapeshifting
  4519 | D:6      | Reached skill level 5 in Unarmed Combat
  4832 | D:6      | Found a shadowy altar of Dithmenos.
  4896 | D:6      | Found a sparkling altar of Nemelex Xobeh.
  4948 | D:6      | Found a staircase to the Ecumenical Temple.
  4972 | Temple   | Entered the Ecumenical Temple
  4984 | Temple   | Became a worshipper of Hepliaklqana the Forgotten
  5280 | D:7      | Reached skill level 7 in Shapeshifting
  5329 | D:7      | Reached skill level 5 in Fighting
  5329 | D:7      | Reached XP level 9. HP: 42/61 MP: 9/9
  5338 | D:7      | Noticed hattop's ghost (novice FeFE)
  5339 | D:7      | Found a runed translucent gate.
  5367 | D:7      | Found a runed translucent gate.
  5367 | D:7      | Found a runed translucent gate.
  5613 | D:7      | Found a flagged portal.
  5637 | Bailey   | Entered a bailey
  5802 | Bailey   | Mangled by an ogre

Illustrated notes

Levels and vault maps discovered:
D:1:      minmay_arrival_open_corners, layout_basic, st_stairs_14
D:2:      layout_basic, shapermc_ecumenical_altar_rom_forum, serial_shops, shop
D:3:      layout_basic
D:4:      layout_basic, uniq_natasha, uniq_menkaure
D:5:      layout_gridville, mainiacjoe_overflow_alcove_2, okawaru_trees_1,
          chequers_big_river
D:6:      layout_rooms, nemelex_spade_bored_becter,
          grunt_dithmenos_smoke_and_mirrors, minmay_temple_entry_waves
D:7:      layout_loops_ring, cheibrodos_worm_habitat,
          gammafunk_ghost_nasty_kobolds, enter_bailey_4,
          chequers_serial_rivers_micro_b, nicolae_shop_sticking_my_neck_out
Temple:   eino_temple_water
Bailey:   bailey_polearm_enchanted_keep_hellmonk, bailey

Skill      XL: |  1  2  3  4  5  6  7  8  9 |
---------------+----------------------------+-----
Fighting       | 2 3 5 |  5.5
Shapeshifting  | 4 5 7 |  7.8
Dodging        | 3 4 |  4.0
Unarmed Combat | 4 5 6 |  6.2
Ranged Weapons | 1 3 |  3.8

Action                     |  1- 3 |  4- 6 |  7- 9 || total
---------------------------+-------+-------+-------++-------
  Melee: Unarmed           |    63 |    82 |   136 ||   281
         Constrict         |    13 |    24 |    30 ||    67
         Tentacles         |     9 |    21 |    34 ||    64
         Punch             |     2 |     3 |     3 ||     8
   Fire: Sling             |       |       |    77 ||    77
         Shortbow          |       |       |    14 ||    14
    Use: Potion            |       |     1 |     1 ||     2
   Stab: Sleeping          |     8 |     5 |     2 ||    15
 Armour: Skin              |    18 |    40 |    52 ||   110
  Dodge: Dodged            |    27 |    36 |    97 ||   160

Table legend: (Time is in decaauts)
 A = Elapsed time spent in this place.
 B = Non-inter-level travel time spent in this place.
 C = Inter-level travel time spent in this place.
 D = Time resting spent in this place.
 E = Time spent auto-exploring this place.
 F = Levels seen in this place.
 G = Mean time per level.
                   A        B        C        D        E       F      G
               +--------+--------+--------+--------+--------+-----+--------+
         Total |   5795 |   5647 |    148 |    522 |   3938 |   9 |  643.9 |
       Dungeon |   5607 |   5479 |    128 |    398 |   3938 |   7 |  801.0 |
        Temple |     22 |      2 |     20 |      0 |      0 |   1 |   22.0 |
        Bailey |    164 |    164 |      0 |    124 |      0 |   1 |  164.0 |
               +--------+--------+--------+--------+--------+-----+--------+

Top non-repeatable levels by time:
     D:3: 1158 daAuts
     D:4: 1082 daAuts
     D:2: 834 daAuts
     D:5: 825 daAuts
     D:6: 756 daAuts
     D:1: 595 daAuts
     D:7: 356 daAuts
  Bailey: 164 daAuts
  Temple: 22 daAuts
